cohdb
Replays
Latest Replays
All Replays
Popular Replays
Top Player Replays
Match Explorer
How It Works
Community
CoH3 Stats
Reddit
Sign in to upload your games and track your stats! →
Sign in with Steam
Match 44570753
Unlisted
Match 44570753
Overview
Messages
Build Orders
End
Panzergrenadier Squad
Selects Italian Infantry
250 Light Carrier
Panzergrenadier Squad
Construct Light Support Kompanie
Panzerjäger Squad
2.5-tonne Medical Truck
Construct Mechanized Kompanie
Panzergrenadier Squad
Veteran Squad Leaders
Panzerjäger Squad
CoH3Expert
skopcak
Srbin
Phantom
Alwerik
dan legend
Flat Earth
HR
0
0
Comments
sign in to comment!
No comments posted yet!